 Dungeon Crawl Stone Soup version 0.25-a0-578-gc91f01c39c (webtiles) character file.

Game seed: 7569425524896490286, levelgen mode: deterministic

47570 Flugslaktarn the Severer (level 14, -7/132 HPs)
             Began as a Deep Dwarf Fighter on Mar 6, 2020.
             Was a High Priest of Makhleb.
             Mangled by a polar bear (13 damage)
             ... on level 6 of the Lair of Beasts.
             The game lasted 00:09:14 (11318 turns).

Flugslaktarn the Severer (Deep Dwarf Fighter)      Turns: 11318, Time: 00:09:14

Health: -7/132     AC: 20    Str: 24    XL:     14   Next: 9%
Magic:  1/1        EV:  7    Int: 10    God:    Makhleb [*****.]
Gold:   1330       SH: 13    Dex: 16    Spells: 13/13 levels left

rFire    . . .     SeeInvis .   a - +0 war axe
rCold    + . .     Gourm    +   c - +0 kite shield
rNeg     + . .     Faith    .   A - +0 plate armour
rPois    .         Spirit   .   M - +0 hat of the Neverending Dreams {rC+ rCorr Dex+4} (curse)
rElec    .         Reflect  .   m - +0 cloak
rCorr    +         Harm     .   D - +2 pair of gloves
MR       +++..                  (no boots)
Stlth    ..........             u - amulet of the gourmand
HPRegen  0.00/turn              K - ring "Ewarimnon" {MR+ Stlth+}
MPRegen  0.07/turn              I - ring of attention (curse)

@: non-regenerating
A: damage resistance, heal wounds, negative energy resistance 1, sense
surroundings 2, no regeneration
a: Heal Wounds, Minor Destruction, Lesser Servant of Makhleb, Major Destruction,
Greater Servant of Makhleb, Renounce Religion


You were on level 6 of the Lair of Beasts.
You worshipped Makhleb.
Makhleb was extremely pleased with you.
You were very full.

You visited 3 branches of the dungeon, and saw 17 of its levels.
You also visited: Gauntlet.

You collected 1330 gold pieces.

Inventory:

Hand Weapons
 a - a +0 war axe (weapon)
 s - a +4 scimitar of flaming
   (You took it off Erica on level 8 of the Dungeon)
 y - a +1 hand axe of flaming
   (You took it off a big kobold on level 8 of the Dungeon)
Missiles
 j - 5 throwing nets (quivered)
Armour
 c - a +0 kite shield (worn)
 g - a +2 helmet
   (You found it on level 6 of the Dungeon)
 l - the +3 buckler "Anegucin" {rF+ Str+3}
   (You took it off a minotaur in a Gauntlet)

   It affects your strength (+3).
   It protects you from fire.
 m - a +0 cloak (worn)
   (You took it off Crazy Yiuf on level 7 of the Dungeon)
 A - a +0 plate armour (worn)
   (You took it off an orc warrior on level 8 of the Dungeon)
 D - a +2 pair of gloves (worn)
   (You found it on level 10 of the Dungeon)
 M - the cursed +0 hat of the Neverending Dreams (worn) {rC+ rCorr Dex+4}
   (You found it in a Gauntlet)

   It affects your dexterity (+4).
   It protects you from cold.
   It provides partial protection from all sources of acid and corrosion.
   If you remove this armour, your AC will remain unchanged.
   It has a curse placed upon it.
Jewellery
 b - an uncursed ring of positive energy
   (You found it on level 4 of the Dungeon)
 u - an amulet of the gourmand (around neck)
   (You found it on level 10 of the Dungeon)
 I - a cursed ring of attention (right hand)
   (You found it on level 2 of the Lair of Beasts)
 K - the ring "Ewarimnon" (left hand) {MR+ Stlth+}
   (You found it in a Gauntlet)

   [ring of protection from magic]

   It affects your resistance to hostile enchantments.
   It makes you more stealthy.
Wands
 d - a wand of scattershot (5)
   (You found it on level 3 of the Lair of Beasts)
 r - a wand of paralysis (7)
   (You found it in a Gauntlet)
 v - a wand of digging (4)
   (You found it on level 6 of the Lair of Beasts)
 C - a wand of iceblast (13)
   (You took it off Harold on level 10 of the Dungeon)
 F - a wand of acid (17)
   (You found it on level 8 of the Dungeon)
Scrolls
 k - 5 scrolls of fog
 t - 4 scrolls of teleportation
 x - 6 scrolls of remove curse
 z - 3 scrolls of blinking
 G - a scroll of immolation
 H - a scroll of enchant weapon
 J - a scroll of brand weapon
 L - a scroll of summoning
 N - 3 scrolls of enchant armour
 O - a scroll of magic mapping {unknown}
 Q - a scroll of torment {unknown}
Potions
 f - 4 potions of lignification
 h - 2 potions of haste
 i - 4 potions of flight
 n - 2 potions of resistance
 o - 3 potions of degeneration
 p - 2 potions of mutation {unknown}
 q - 2 potions of curing
 w - a potion of heal wounds
 B - a potion of cancellation {unknown}
 E - 2 potions of magic
 P - 4 potions of brilliance
Comestibles
 e - 22 rations


   Skills:
 + Level 10.0 Fighting
 * Level 15.4 Axes
 + Level 11.6 Armour
 + Level 11.7 Shields
 + Level 12.1 Invocations


You had 13 spell levels left.
You didn't know any spells.
Your spell library was empty.

Dungeon Overview and Level Annotations

Branches:
Dungeon (10/15)            Temple (1/1) D:6            Lair (6/6) D:10
 Shoals (0/4) Lair:2       Spider (0/4) Lair:3        Slime (0/5) Lair:5
Gauntlet (visited)
    Orc: D:9-12

Altars:
Ashenzari
Cheibriados
Dithmenos
Elyvilon
Fedhas
Gozag
Hepliaklqana
Kikubaaqudgha
Makhleb
Nemelex Xobeh
Okawaru
Qazlal
Ru
Trog
Uskayaw
Vehumet
Wu Jian
Xom
Yredelemnul
Zin
The Shining One
Beogh

Shops:
D:7 %   D:8 :

Portals:
Trove: D:10 (give +5 demon trident)

Annotations:
D:10 exclusion: oklob plant
Lair:2 exclusion: oklob plant
Lair:3 exclusion: 2 oklob plants


Innate Abilities, Weirdness & Mutations

You are resistant to damage.
You can heal yourself by infusing magical energy.
You resist negative energy. (rN+)
You passively map the area around you.
You do not regenerate.


Message History

The polar bear is almost dead.
You slash the polar bear! The polar bear bites you!
* * * LOW HITPOINT WARNING * * *
You block the polar bear's attack.
The polar bear claws you but does no damage.
The polar bear bites you but does no damage.
You block the polar bear's attack.
The polar bear claws you but does no damage.
The polar bear bites you!
* * * LOW HITPOINT WARNING * * *
The polar bear barely misses you. You block the polar bear's attack.
You hit the polar bear but do no damage.
The polar bear is almost dead.
You hit the polar bear but do no damage.
You block the polar bear's attack.
The polar bear claws you but does no damage.
The polar bear claws you.
* * * LOW HITPOINT WARNING * * *
The polar bear bites you!
You die...

** ### * ### ##.# , *
###.# ##..#########
**#..†###....#.#..#.# ,
#....##.†...##....### **
.....†.#.......†h...†...#
**
...h.h##.†....#h@.......##
...###*##..#.#.#†.....†.†#
* #h * #..######..#.#†.†#*
* * h*, #### ########.## *
, ####.#####..#,, , ,,
###.#...#.#..## , , , ,
##.......†††..# , *
###........†....# , , ,*
#...†.#.#....#.###......


You could see 2 polar bears.

Vanquished Creatures
  A minotaur (Gauntlet)
  A dire elephant (Lair:6)
  Snorg (Lair:4)
  Josephine (Lair:4)
  Harold (D:10)
  5 hydras
  Erica (D:8)
  Urug (Lair:6)
  Nergalle (Lair:4)
  A sixfirhy (Gauntlet)
  Pikel (D:8)
  A manticore (Lair:2)
  A moth of wrath (Gauntlet)
  11 elephants
  2 black mambas
  12 spiny frogs
  A gargoyle (D:10)
  Maggie (D:8)
  11 komodo dragons
  6 rime drakes
  A polar bear (Lair:6)
  A hornet (Lair:3)
  A troll (D:9)
  A raiju (Lair:6)
  Prince Ribbit (D:8)
  6 blink frogs
  2 dream sheep (D:8)
  5 hippogriffs
  13 flying skulls (Gauntlet)
  5 wraiths (Lair:4)
  A shadow (D:9)
  2 wyverns
  A basilisk (Lair:6)
  48 yaks
  2 hungry ghosts (D:9)
  3 wargs (Lair:6)
  Edmund (D:5)
  6 water moccasins
  6 hell hounds (Lair:6)
  10 porcupines
  4 orc warriors
  2 ice beasts
  A sky beast (D:10)
  Purgy (D:4)
  3 phantoms
  A slave (D:8)
  4 black bears
  4 ogres
  4 centaurs
  20 wolves
  5 crocodiles
  4 big kobolds (D:8)
  Blork the orc (D:4)
  A wyvern zombie (D:10)
  6 bullfrogs
  A water moccasin zombie (D:9)
  5 scorpions
  3 killer bees (D:8)
  3 howler monkeys (D:7)
  An electric eel (Lair:1)
  A crimson imp (D:7)
  3 orc priests
  3 hounds
  2 jellies
  Crazy Yiuf (D:7)
  Jessica (D:2)
  8 iguanas (Lair:3)
  6 orc wizards
  8 worker ants
  A hound skeleton (D:7)
  18 gnolls
  2 worker ant zombies
  4 adders
  5 shadow imps
  4 ufetubi (Gauntlet)
  3 oozes
  An adder zombie (D:6)
  4 worms
  2 adder skeletons
  A dart slug (D:4)
  A leopard gecko (D:7)
  45 orcs
  A ball python (D:1)
  6 giant cockroaches
  3 hobgoblins
  2 quokkas (D:5)
  A bat (D:3)
  4 frilled lizards
  A jackal skeleton (D:4)
  4 kobolds
  2 leopard gecko skeletons
  A rat (D:3)
  2 fungi (Lair:5)
  3 plants
405 creatures vanquished.

Vanquished Creatures (collateral kills)
  A hydra (Lair:5)
  A spiny frog (Lair:5)
  A raiju (Lair:6)
  3 wargs (Lair:6)
  4 hell hounds (Lair:6)
  A porcupine (Lair:5)
  3 black bears (Lair:6)
  5 wolves
  A crocodile (Lair:5)
  A fungus (Lair:5)
  2 plants (Lair:6)
23 creatures vanquished.

Vanquished Creatures (others)
  3 slaves (D:8)
  3 orcs (D:8)
  2 fungi
  11 plants
19 creatures vanquished.

Grand Total: 447 creatures vanquished

Notes
Turn   | Place    | Note
-------+----------+-------------------------------------------
     0 | D:1      | Flugslaktarn the Deep Dwarf Fighter began the quest for the
                  | Orb.
     0 | D:1      | Reached XP level 1. HP: 20/20 MP: 1/1
   169 | D:2      | Reached XP level 2. HP: 22/27 MP: 2/2
   176 | D:2      | Noticed Jessica
   180 | D:2      | Killed Jessica
   180 | D:2      | Reached skill level 3 in Axes
   180 | D:2      | Reached XP level 3. HP: 16/34 MP: 3/3
   303 | D:3      | Reached XP level 4. HP: 37/42 MP: 4/4
   373 | D:4      | Noticed an ogre
   381 | D:4      | Killed an ogre
   381 | D:4      | Reached skill level 4 in Axes
   381 | D:4      | Reached XP level 5. HP: 31/49 MP: 5/5
   587 | D:4      | Noticed Purgy
   604 | D:4      | Killed Purgy
   604 | D:4      | Reached skill level 5 in Axes
   604 | D:4      | Reached XP level 6. HP: 32/57 MP: 6/6
   798 | D:4      | Found a shadowy altar of Dithmenos.
   959 | D:4      | Reached XP level 7. HP: 33/64 MP: 6/6
  1130 | D:4      | Noticed Blork the orc
  1136 | D:4      | Killed Blork the orc
  1136 | D:4      | Reached skill level 5 in Armour
  1136 | D:4      | Reached skill level 5 in Shields
  1156 | D:5      | Entered Level 5 of the Dungeon
  1358 | D:5      | Noticed Edmund
  1396 | D:5      | Killed Edmund
  1396 | D:5      | Reached skill level 6 in Axes
  1899 | D:6      | Found an opulent altar of Gozag.
  1973 | D:6      | Reached XP level 8. HP: 46/73 MP: 6/6
  2070 | D:6      | Found a stormy altar of Qazlal.
  2163 | D:6      | Reached skill level 7 in Axes
  2166 | D:6      | Found a staircase to the Ecumenical Temple.
  2240 | Temple   | Entered the Ecumenical Temple
  2416 | Temple   | Became a worshipper of Makhleb the Destroyer
  2620 | D:7      | Reached skill level 1 in Invocations
  2729 | D:7      | Reached skill level 5 in Fighting
  2920 | D:7      | Found Liem's Food Shoppe.
  3127 | D:7      | Reached skill level 8 in Axes
  3178 | D:7      | Found a runed translucent door.
  3179 | D:7      | Noticed Crazy Yiuf
  3363 | D:7      | Killed Crazy Yiuf
  3442 | D:8      | Noticed Pikel
  3476 | D:8      | Killed Pikel
  3476 | D:8      | Gained mutation: You passively map the area around you.
                  | [Deep Dwarf growth]
  3476 | D:8      | Reached XP level 9. HP: 74/81 MP: 8/8
  3491 | D:8      | Noticed Erica
  3492 | D:8      | Noticed Maggie
  3534 | D:8      | Killed Erica
  3536 | D:8      | Reached * piety under Makhleb
  3545 | D:8      | Killed Maggie
  3545 | D:8      | Reached skill level 9 in Axes
  3611 | D:8      | Found Irivaoga's Book Shop.
  3695 | D:8      | Noticed Prince Ribbit
  3832 | D:8      | Reached skill level 5 in Invocations
  3933 | D:8      | Reached XP level 10. HP: 78/91 MP: 6/8
  3940 | D:8      | Reached ** piety under Makhleb
  3942 | D:8      | Reached skill level 10 in Axes
  3957 | D:8      | Noticed a two-headed hydra
  3962 | D:8      | Killed a one-headed hydra
  4305 | D:8      | Found a roughly hewn altar of Beogh.
  4377 | D:8      | Killed Prince Ribbit
  5080 | D:9      | Reached *** piety under Makhleb
  5208 | D:9      | Reached skill level 11 in Axes
  5368 | D:10     | Entered Level 10 of the Dungeon
  5403 | D:10     | Noticed a gargoyle
  5421 | D:10     | Killed a gargoyle
  5435 | D:10     | Noticed an oklob plant
  5615 | D:10     | Reached XP level 11. HP: 72/100 MP: 8/8
  5737 | D:10     | Noticed Harold
  5763 | D:10     | Killed Harold
  5793 | D:10     | Found a staircase to the Lair.
  6034 | D:10     | Found a portal to a secret trove of treasure.
  6357 | Lair:1   | Entered Level 1 of the Lair of Beasts
  6511 | Lair:1   | Reached skill level 12 in Axes
  6767 | Lair:1   | Noticed a seven-headed hydra
  6780 | Lair:1   | Killed a nine-headed hydra
  7367 | Lair:2   | Reached XP level 12. HP: 74/110 MP: 7/7
  7554 | Lair:2   | Reached **** piety under Makhleb
  7816 | Lair:2   | Found a staircase to the Shoals.
  7875 | Lair:2   | Reached skill level 13 in Axes
  8372 | Lair:3   | Paralysed by a hornet for 2 turns
  8392 | Lair:3   | Paralysed by a hornet for 3 turns
  8397 | Lair:3   | Reached skill level 10 in Armour
  8399 | Lair:3   | Paralysed by a hornet for 2 turns
  8404 | Lair:3   | Paralysed by a hornet for 3 turns
  8430 | Lair:3   | Found a hole to the Spider Nest.
  8444 | Lair:3   | Reached skill level 10 in Shields
  8515 | Lair:3   | Noticed a six-headed hydra
  8538 | Lair:3   | Killed a one-headed hydra
  8567 | Lair:3   | Reached skill level 10 in Invocations
  9096 | Lair:4   | Found a gate leading to a gauntlet.
  9099 | Lair:4   | Noticed Snorg
  9137 | Lair:4   | Killed Snorg
  9147 | Gauntlet | Entered a Gauntlet
  9147 | Gauntlet | Found a transporter.
  9147 | Gauntlet | Found a transporter.
  9155 | Gauntlet | Found a transporter.
  9159 | Gauntlet | Found a transporter.
  9161 | Gauntlet | Noticed a tengu warrior
  9167 | Gauntlet | Found a transporter.
  9171 | Gauntlet | Found a transporter.
  9177 | Gauntlet | Noticed a green death
  9179 | Gauntlet | Found a transporter.
  9195 | Gauntlet | Found a transporter.
  9212 | Gauntlet | Found a transporter.
  9213 | Gauntlet | Found a transporter.
  9214 | Gauntlet | Found a runed translucent door.
  9224 | Gauntlet | Found a transporter.
  9225 | Gauntlet | Found a transporter.
  9315 | Gauntlet | Got a steaming amber ring
  9410 | Gauntlet | Reached ***** piety under Makhleb
  9481 | Gauntlet | Reached skill level 14 in Axes
  9496 | Gauntlet | Reached XP level 13. HP: 112/121 MP: 4/4
  9527 | Gauntlet | Got a polished hat
  9538 | Gauntlet | Identified the cursed +0 hat of the Neverending Dreams {rC+
                  | rCorr Dex+4} (You found it in a Gauntlet)
  9548 | Gauntlet | Identified the ring "Ewarimnon" {MR+ Stlth+} (You found it
                  | in a Gauntlet)
  9557 | Gauntlet | Identified the +3 buckler "Anegucin" {rF+ Str+3}
  9557 | Gauntlet | Noticed a minotaur
  9579 | Gauntlet | Killed a minotaur
  9711 | Lair:4   | Noticed Josephine
  9736 | Lair:4   | Killed Josephine
  9779 | Lair:4   | Noticed Nergalle
  9824 | Lair:4   | Killed Nergalle
 10397 | Lair:5   | Found a staircase to the Slime Pits.
 10726 | Lair:6   | Entered Level 6 of the Lair of Beasts
 10828 | Lair:6   | Reached skill level 15 in Axes
 10973 | Lair:6   | Noticed Urug
 10994 | Lair:6   | Noticed a cacodemon
 11102 | Lair:6   | Killed Urug
 11215 | Lair:6   | Gained mutation: You resist negative energy. (rN+) [Deep
                  | Dwarf growth]
 11215 | Lair:6   | Reached XP level 14. HP: 66/130 MP: 2/2
 11293 | Lair:6   | Reached skill level 10 in Fighting
 11318 | Lair:6   | HP: 6/132 [polar bear (1)]
 11318 | Lair:6   | Mangled by a polar bear

Levels and vault maps discovered:
D:1:      kennysheep_arrival_seaside, layout_loops_ring
D:2:      layout_basic, led_sif_pool, uniq_jessica
D:3:      layout_loops_ring, makhleb_altar_promises_db
D:4:      layout_loops_ring, first_ration, grunt_dithmenos_shadows, uniq_purgy,
          uniq_blork_the_orc
D:5:      layout_basic, uniq_edmund
D:6:      layout_rooms, minmay_temple_entry_steel_oval, basic_altar,
          chequers_serial_rivers_room_b, nicolae_gozag_seed_capital
D:7:      layout_basic, serial_shops, shop, uniq_crazy_yiuf_cottage
D:8:      layout_loops_ring, serial_shops, kennysheep_mini_moat, special_room
          [special_room_orc], hangedman_ranch [blue_anna_fruit_fields],
          uniq_erica, uniq_prince_ribbit1, uniq_maggie, uniq_pikel
D:9:      layout_loops_cross
D:10:     layout_basic, dpeg_oklobed_lair, nicolae_trove_entry_free_sample,
          uniq_harold
Temple:   kilobyte_greek_temple
Lair:1:   layout_small_grid, chequers_serial_rivers_large_a,
          cheibrodos_lair_caveside_slide, serial_bayou_pond_d, minivault_11
Lair:2:   layout_cave_pods, minmay_shoals_entry_beasts, grunt_megastairs_5
Lair:3:   beast_lair_carwin_large_3, layout_cave_shapes,
          nicolae_spider_entry_non_spiders, minmay_lair_oklob_chamber
Lair:4:   layout_big_grid, gauntlet_entry_generic, serial_rivers,
          chequers_serial_rivers_marsh, chequers_serial_rivers_room_a,
          chequers_serial_rivers_small_b, chequers_serial_rivers_room_a,
          chequers_serial_rivers_micro_d, chequers_serial_rivers_micro_b,
          uniq_snorg, uniq_josephine, uniq_nergalle
Lair:5:   layout_misc_corridors, nicolae_slime_entry_slimehenge
Lair:6:   hangedman_lair_caniforms_friends, layout_gridlike,
          guppyfry_lair_end_dragon, uniq_urug

Skill      XL: |  1  2  3  4  5  6  7  8  9 10 11 12 13 14 |
---------------+-------------------------------------------+-----
Fighting       | 3 4 5 6 7 8 9 10 | 10.0
Axes           | 3 4 5 6 8 9 11 12 14 15 | 15.4
Armour         | 4 5 6 7 8 9 10 11 | 11.6
Shields        | 4 5 6 7 8 9 10 11 | 11.7
Invocations    | 3 5 7 9 10 11 12 | 12.1

Action                   |  1- 3 |  4- 6 |  7- 9 | 10-12 | 13-15 || total
-------------------------+-------+-------+-------+-------+-------++-------
Melee: War axe           |    43 |   161 |   448 |   903 |   547 ||  2102
       Hand axe          |       |       |       |   140 |    26 ||   166
Invok: Lesser Servant of |       |       |       |     3 |     5 ||     8
       Greater Servant o |       |       |       |       |     1 ||     1
 Abil: Heal Wounds       |     2 |     6 |    22 |    42 |    23 ||    95
Evoke: Wand              |       |       |       |       |     1 ||     1
  Use: Scroll            |       |       |    16 |     4 |     4 ||    24
       Potion            |       |       |     1 |     5 |     1 ||     7
 Stab: Invisible         |       |       |       |     4 |     3 ||     7
  Eat: Chunk             |       |     1 |     7 |    35 |     8 ||    51
       Ration            |       |       |     1 |       |       ||     1
Armor: Scale mail        |    14 |     1 |       |       |       ||    15
       Chain mail        |       |   108 |   225 |    35 |       ||   368
       Plate armour      |       |       |       |   684 |   521 ||  1205
Dodge: Dodged            |    13 |    36 |   106 |   250 |   217 ||   622
Block: Kite shield       |    21 |    94 |   259 |   719 |   529 ||  1622

Table legend:
 A = Non-vault XP
 B = Vault XP
 C = Vault XP percentage of total XP
 D = Non-vault monster count
 E = Vault monster count
 F = Vault count percentage of total count
                 A         B        C        D         E       F
            +---------+---------+-------+---------+---------+-------
      Total |   41092 |   26866 |  39.5 |     277 |     142 |  33.9
            +---------+---------+-------+---------+---------+-------
        D:1 |       5 |       0 |   0.0 |       3 |       0 |   0.0
        D:2 |       8 |      37 |  82.2 |       3 |       1 |  25.0
        D:3 |      50 |       0 |   0.0 |       8 |       0 |   0.0
        D:4 |     506 |     237 |  31.9 |      23 |       3 |  11.5
        D:5 |     180 |     164 |  47.7 |      10 |       1 |   9.1
        D:6 |     436 |       0 |   0.0 |      11 |       0 |   0.0
        D:7 |     879 |      41 |   4.5 |      26 |       1 |   3.7
        D:8 |    1030 |    4662 |  81.9 |      25 |      35 |  58.3
        D:9 |    1768 |       0 |   0.0 |      27 |       0 |   0.0
       D:10 |    2089 |     997 |  32.3 |      13 |       1 |   7.1
     Lair:1 |    8592 |       0 |   0.0 |      32 |       0 |   0.0
     Lair:2 |    2490 |    1281 |  34.0 |      10 |       4 |  28.6
     Lair:3 |    2739 |    2662 |  49.3 |      11 |      20 |  64.5
     Lair:4 |    5156 |    4022 |  43.8 |      24 |       8 |  25.0
     Lair:5 |    6408 |      56 |   0.9 |      21 |       3 |  12.5
     Lair:6 |    8756 |    6573 |  42.9 |      30 |      40 |  57.1
   Gauntlet |       0 |    6134 | 100.0 |       0 |      25 | 100.0
            +---------+---------+-------+---------+---------+-------
